 Dungeon Crawl Stone Soup version 0.29.1-2-gbd0b4ee654 (webtiles) character file.

Game seed: 4645564318251289296

5064 GigaChad the Cleaver (level 10, -1/87 (91) HPs)
             Began as a Minotaur Fighter on Nov 21, 2022.
             Was a High Priest of Wu Jian.
             Blown up by Maggie (4 damage)
             ... with a mindburst bolt
             ... on level 9 of the Dungeon.
             The game lasted 00:17:51 (9519 turns).

GigaChad the Cleaver (Minotaur Fighter)             Turns: 9519, Time: 00:17:51

HP:   -1/87 (91)    AC: 16    Str: 25    XL:     10   Next: 31%
MP:   9/9           EV:  7    Int:  5    God:    Wu Jian [*****.]
Gold: 1360          SH:  6    Dex: 10    Spells: 9/9 levels left

rFire   . . .      SeeInvis .   a - +2 war axe (vorpal)
rCold   . . .      Faith    .   c - +0 buckler
rNeg    . . .      Spirit   .   j - +2 plate armour
rPois   .          Reflect  .   (helmet restricted)
rElec   .          Harm     .   (no cloak)
rCorr   .          Rampage  .   (no gloves)
Will    .....                   (no boots)
Stlth   ..........              (no amulet)
HPRegen 0.24/turn               (no ring)
MPRegen 0.11/turn               (no ring)

@: mesmerised, lightly drained
A: horns 2, retaliatory headbutt
a: Renounce Religion, Wall Jump, Serpent's Lash, Heavenly Storm


You were on level 9 of the Dungeon.
You worshipped Wu Jian.
Wu Jian was extremely pleased with you.
You visited 2 branches of the dungeon, and saw 10 of its levels.
You also visited: Ossuary and Bailey.

You collected 1360 gold pieces.

Inventory:

Hand Weapons
 a - a +2 vorpal war axe (weapon)
 g - a +0 scythe
 r - a +2 flail of protection
 v - a +5 halberd
 A - a +0 great sword
Armour
 b - a +0 scale mail
 c - a +0 buckler (worn)
 j - a +2 plate armour (worn)
 m - the -2 helmet "Xuzaplud" {rPois}
   (You found it on level 3 of the Dungeon)

   rPois:     It protects you from poison.
 G - the +1 leather armour "Tyfilu Appi" {+Blink Stlth+}
   (You found it in a bailey)

   +Blink:    It lets you blink.
   Stlth:     It makes you more stealthy.
Jewellery
 u - a ring of see invisible
 E - the ring "Xusoysh" {rC+++ rN+ Will- rCorr Str-4}
   (You found it on level 8 of the Dungeon)

   [ring of positive energy]

   Str:       It affects your strength (-4).
   rC:        It renders you almost immune to cold.
   rN:        It protects you from negative energy.
   rCorr:     It protects you from acid and corrosion.
   Will:      It decreases your willpower.
Wands
 x - a wand of roots (9)
 B - a wand of digging (9)
 C - a wand of paralysis (6) (quivered)
Scrolls
 p - 3 scrolls of teleportation
 q - 3 scrolls of identify
 t - 3 scrolls of fog
 y - a scroll of torment
 D - a scroll of noise
 H - a scroll of poison
Potions
 d - 3 potions of might
 e - 2 potions of brilliance {unknown}
 f - 3 potions of lignification
 h - 3 potions of cancellation
 i - 7 potions of heal wounds
 k - 2 potions of haste
 l - a potion of invisibility {unknown}
 n - a potion of degeneration {unknown}
 o - a potion of attraction {unknown}
 s - 6 potions of flight
 w - 5 potions of curing {unknown}
 z - 2 potions of ambrosia {unknown}
 F - a potion of magic {unknown}
 I - a potion of mutation {unknown}


   Skills:
 + Level 9.3 Fighting
 + Level 11.2 Axes
 + Level 9.7 Armour
 - Level 0.2 Dodging
 * Level 8.7 Shields


You had 9 spell levels left.
You didn't know any spells.
Your spell library contained the following spells:

 Spells                   Type           Power      Damage    Failure   Level
 Blink                    Tloc           0%         N/A       100%        2
 Static Discharge         Conj/Air       0%         3-3/arc   100%        2
 Sublimation of Blood     Necr           0%         N/A       100%        2
 Gell's Gravitas          Tloc           0%         N/A       100%        3
 Lesser Beckoning         Tloc           0%         N/A       100%        3
 Teleport Other           Tloc           0%         N/A       100%        3
 Dispel Undead            Necr           0%         3d6       100%        4
 Petrify                  Tmut/Erth      0%         N/A       100%        4
 Sticky Flame             Conj/Fire      0%         2d3       100%        4
 Irradiate                Conj/Tmut      0%         3d11      100%        5
 Manifold Assault         Tloc           0%         N/A       100%        5


Dungeon Overview and Level Annotations

Branches:
Dungeon (9/15)             Temple (1/1) D:4            Lair (0/5) D:8
Ossuary (visited)          Bailey (visited)
    Orc: D:9-12

Altars:
Ashenzari
Cheibriados
Elyvilon
Fedhas
Gozag
Kikubaaqudgha
Makhleb
Nemelex Xobeh
Okawaru
Qazlal
Ru
Sif Muna
Trog
Uskayaw
Vehumet
Wu Jian
Xom
Yredelemnul
Zin
The Shining One

Shops:
D:1 =   D:7 *([

Annotations:
D:5 1 transporter, Rudyous's ghost, novice HOFi
D:9 Maggie


Innate Abilities, Weirdness & Mutations

You have a pair of horns on your head.
You reflexively headbutt those who attack you in melee.


Message History

Maggie drinks a potion.
Maggie seems to speed up.
Maggie barely misses you.
Found a stone staircase leading up.
You spin and attack Maggie.
You hit Maggie. You headbutt Maggie.
Maggie is lightly wounded.
You block Maggie's attack.
You hit Maggie. Your headbutt misses Maggie.
Maggie is moderately wounded.
Maggie casts a spell.
Maggie draws you further into her thrall.
You spin and attack Maggie.
You slash Maggie!
Maggie is moderately wounded.
Maggie hits you with a +0 scimitar of draining!
You feel drained. Maggie casts a spell at you. The bolt of fire hits you!
You spin and attack Maggie.
You slash Maggie!
Maggie is heavily wounded.
Maggie barely misses you.
You closely miss Maggie.
Maggie is heavily wounded.
Maggie hits you with a +0 scimitar of draining!
You feel drained.
Maggie zaps a wand.
You struggle to resist.
You hit Maggie.
Maggie is heavily wounded.
Maggie zaps a wand.
Your mind is blasted!
* * * LOW HITPOINT WARNING * * *
Maggie barely misses you. You furiously retaliate!
You headbutt Maggie. You closely miss Maggie.
Maggie is severely wounded.
Maggie completely misses you.
You hit Maggie but do no damage.
Maggie is severely wounded.
Maggie gestures at you while chanting. The bolt of fire hits you!
* * * LOW HITPOINT WARNING * * *
You barely miss Maggie.
Maggie is severely wounded.
Maggie closely misses you.
Maggie zaps a wand.
Your mind is blasted!
You die...

#.# .###.# #### #.#
...... ...###.### ......
##.......########.....
....^................
#######...........###
..# #...........# ..###
#...........### ..#<#
#........@@...# ..#.#
#........$.......#
..#.#########.......##.#
............#......... #
###.....[...#.......#.<#
#.........#.......##.#
#.........#........ ..
#.........#.......##
#.........#


You could see Maggie (mesmerising, fast).

Vanquished Creatures
  A cyclops (D:9)
  Maurice (D:8)
  Grinder (D:5)
  Sigmund (D:2)
  Eustachio (D:4)
  5 yaks (D:9)
  A steam dragon (D:6)
  A black bear (D:6)
  5 orc warriors (Bailey)
  A sky beast (D:8)
  3 ice beasts
  2 wolves (D:8)
  2 ogres
  A centaur (D:7)
  A phantom (D:5)
  A kobold brigand (D:8)
  A necrophage (D:5)
  3 bullfrogs
  A scorpion (D:4)
  4 wights
  The ghost of xian the Grasshopper, a weakling DrWr of Wu Jian (D:4)
  4 howler monkeys
  A centaur zombie (Ossuary)
  2 human zombies (Ossuary)
  A jelly (D:7)
  An orc priest (D:6)
  5 hounds
  Terence (D:2)
  4 iguanas
  2 orc wizards
  2 mummies (Ossuary)
  4 gnolls
  11 adders
  A river rat (D:6)
  A shadow imp (D:5)
  4 white imps
  An ufetubus (D:6)
  A worm (D:3)
  5 dart slugs
  26 orcs
  5 endoplasms
  11 giant cockroaches
  A gnoll zombie (Ossuary)
  10 goblins
  10 hobgoblins
  20 kobolds
  5 quokkas
  8 ball pythons
  8 bats
  3 frilled lizards (D:1)
  2 goblin zombies (Ossuary)
  3 hobgoblin zombies (Ossuary)
  5 orc zombies (Ossuary)
  6 rats
212 creatures vanquished.

Vanquished Creatures (others)
  A fungus (D:5)
  4 plants (D:6)
5 creatures vanquished.

Grand Total: 217 creatures vanquished

Notes
Turn   | Place    | Note
-------+----------+-------------------------------------------
     0 | D:1      | GigaChad the Minotaur Fighter began the quest for the Orb.
     0 | D:1      | Reached XP level 1. HP: 19/19 MP: 0/0
   137 | D:1      | Reached XP level 2. HP: 26/27 MP: 1/1
   460 | D:1      | Found a faded altar of an unknown god.
   467 | D:1      | Prayed at the altar of an unknown god.
   467 | D:1      | Became a worshipper of the Wu Jian Council
   467 | D:1      | Reached * piety under Wu Jian
   548 | D:1      | Found Qixuteof's Jewellery Emporium.
   806 | D:2      | Reached XP level 3. HP: 33/33 MP: 2/2
   861 | D:2      | Noticed Sigmund
   870 | D:2      | Reached skill level 3 in Axes
   883 | D:2      | HP: 1/33 [something (1)]
   884 | D:2      | Killed Sigmund
   885 | D:2      | Reached skill level 4 in Axes
   885 | D:2      | Reached XP level 4. HP: 2/41 MP: 3/3
   885 | D:2      | Reached XP level 5. HP: 2/47 MP: 4/4
  1358 | D:2      | Reached skill level 5 in Axes
  1683 | D:2      | Noticed Terence
  1691 | D:2      | Killed Terence
  1827 | D:2      | Identified the +7 short sword of Ru's Hope {freeze, Str+2
                  | Int+6}
  1828 | D:2      | Reached ** piety under Wu Jian
  2229 | D:3      | Reached XP level 6. HP: 52/53 MP: 5/5
  2318 | D:3      | Found a radiant altar of Vehumet.
  2325 | D:3      | Identified the -2 helmet "Xuzaplud" {rPois}
  2864 | D:4      | Reached skill level 6 in Axes
  2864 | D:4      | Reached skill level 5 in Armour
  2973 | D:4      | Found a runed translucent door.
  2984 | D:4      | Found a sand-covered staircase.
  2990 | Ossuary  | Entered an ossuary
  3003 | Ossuary  | Reached skill level 5 in Fighting
  3007 | Ossuary  | Reached *** piety under Wu Jian
  3057 | Ossuary  | Reached XP level 7. HP: 53/61 MP: 6/6
  3200 | D:4      | Reached skill level 7 in Axes
  3521 | D:4      | Noticed Eustachio
  3542 | D:4      | Killed Eustachio
  3613 | D:4      | Found a staircase to the Ecumenical Temple.
  3622 | Temple   | Entered the Ecumenical Temple
  3921 | D:4      | Noticed xian's ghost (weakling DrWr)
  3930 | D:4      | Killed xian's ghost
  3931 | D:4      | Reached skill level 8 in Axes
  3998 | D:5      | Entered Level 5 of the Dungeon
  4037 | D:5      | Found a transporter.
  4041 | D:5      | Noticed Rudyous's ghost (novice HOFi)
  4058 | D:5      | Noticed Grinder
  4070 | D:5      | Killed Grinder
  4071 | D:5      | Reached skill level 5 in Shields
  4071 | D:5      | Reached XP level 8. HP: 63/70 MP: 7/7
  4188 | D:5      | Reached **** piety under Wu Jian
  4716 | D:5      | Found a broken altar of Ashenzari.
  5276 | D:5      | Found a snail-covered altar of Cheibriados.
  5937 | D:6      | Reached XP level 9. HP: 80/80 MP: 8/8
  6116 | D:6      | Found a white marble altar of Elyvilon.
  6207 | D:6      | Found a glowing silver altar of Zin.
  7275 | D:7      | Found Ryfourch's Fire Supplies.
  7328 | D:7      | Reached skill level 9 in Axes
  7658 | D:7      | Found Ysuch's Antique Armour Emporium.
  7692 | D:7      | Found a sparkling altar of Nemelex Xobeh.
  7714 | D:7      | Found a burning altar of Makhleb.
  7749 | D:7      | Found Sefumpaf's Antique Weapon Emporium.
  7927 | D:8      | Found a hide-covered altar of Uskayaw.
  8104 | D:8      | Noticed a troll
  8206 | D:8      | Found a staircase to the Lair.
  8208 | D:8      | Identified the ring "Xusoysh" {rC+++ rN+ Will- rCorr Str-4}
  8264 | D:8      | Noticed Maurice
  8264 | D:8      | Paralysed by Maurice for 2 turns
  8286 | D:8      | Paralysed by Maurice for 5 turns
  8294 | D:8      | Killed Maurice
  8450 | D:8      | Reached skill level 10 in Axes
  8470 | D:8      | Found a flagged portal.
  8484 | Bailey   | Entered a bailey
  8579 | Bailey   | Reached ***** piety under Wu Jian
  8928 | Bailey   | Identified the +1 leather armour "Tyfilu Appi" {+Blink
                  | Stlth+}
  9195 | D:9      | Reached XP level 10. HP: 91/91 MP: 9/9
  9207 | D:9      | Noticed a cyclops
  9215 | D:9      | Killed a cyclops
  9315 | D:9      | Reached skill level 11 in Axes
  9502 | D:9      | Noticed Maggie
  9518 | D:9      | HP: 3/87 [Maggie/bolt of fire (17)]
  9519 | D:9      | Blown up by Maggie

Illustrated notes

Levels and vault maps discovered:
D:1:      co_arrival_square_in_a_square_in_a_square, layout_loops_ring,
          serial_shops, nicolae_shop_crystal, shapermc_ecumenical_altar_pompeii
D:2:      layout_loops_corners, uniq_terence, uniq_sigmund
D:3:      layout_loops_ring, mainiacjoe_overflow_cross_hatched,
          grunt_decor_one_mirror
D:4:      nicolae_cairo_tiling, layout_cave_pools, minmay_temple_entry_poolview,
          ebering_ghost_sewer_d, nicolae_ossuary_entry_false_entrances,
          grunt_ministairs_5, uniq_eustachio
D:5:      minmay_recursive_quarters, layout_loops_corners,
          mainiacjoe_overflow_tiny_flanked, kennysheep_little_box,
          gammafunk_ghost_stat_death, uniq_grinder
D:6:      layout_cave_pools, nicolae_elyvilon_temple_path, lemuel_tele_altar,
          portal_sewer_entry_e
D:7:      layout_cave_pools, amethyst_overflow_temple_binary, serial_shops,
          kennysheep_mini_moat, shop_coins, nicolae_shop_fire_sale
          [nicolae_sub_dead_trees], chequers_serial_rivers_small_b
D:8:      layout_loops_ring, nicolae_uskayaw_dance_hall, lemuel_round_altar,
          erik_lair_island, enter_bailey_4, uniq_maurice
D:9:      layout_basic, nicolae_dithmenos_shadow_blocks, serial_shops,
          shop_fountains, uniq_maggie
Temple:   nicolae_temple_hex_pool

Skill      XL: |  1  2  3  4  5  6  7  8  9 10 |
---------------+-------------------------------+-----
Shields        | 4 5 6 8 |  8.7
Armour         | 4 5 7 9 |  9.7
Fighting       | 4 5 7 9 |  9.3
Axes           | 4 5 6 8 10 11 | 11.2
Dodging        | |  0.2

Action                   |  1- 3 |  4- 6 |  7- 9 | 10-12 || total
-------------------------+-------+-------+-------+-------++-------
Melee: War axe           |    66 |   104 |   291 |    43 ||   504
       Headbutt          |     8 |    17 |    47 |     7 ||    79
Invok: Whirlwind         |     5 |    19 |    36 |     3 ||    63
       Lunge             |     1 |     7 |    21 |     1 ||    30
Evoke: Wand              |       |       |     2 |       ||     2
  Use: Scroll            |     7 |     4 |    11 |       ||    22
Armor: Scale mail        |     6 |       |       |       ||     6
       Plate armour      |    25 |    70 |   139 |    11 ||   245
Dodge: Dodged            |    27 |    40 |    80 |    10 ||   157
Block: Buckler           |     9 |    19 |    56 |     6 ||    90
